 Dungeon Crawl Stone Soup version 0.13-b1-24-g18a6e78 (webtiles) character file.

475 Kae the Chiller (level 5, -2/28 HPs)
             Began as a Deep Elf Ice Elementalist on Oct 3, 2013.
             Slain by Eustachio
             ... wielding a +2,+2 sabre of electrocution
              (22 damage)
             ... on Level 4 of the Dungeon.
             The game lasted 00:06:44 (3744 turns).

Kae the Chiller (Deep Elf Ice Elementalist)         Turns: 3744, Time: 00:06:44

HP  -2/28        AC  2     Str  6      XL: 5   Next: 60%
MP   8/17        EV 13     Int 20      God:
Gold 260         SH  0     Dex 15      Spells:  2 memorised,  9 levels left

Res.Fire  : . . .   See Invis. : .   f - +1 mace (holy)
Res.Cold  : . . .   Warding    : .   a - +0 elf robe
Life Prot.: . . .   Conserve   : .   (no shield)
Res.Poison: .       Res.Corr.  : .   (no helmet)
Res.Elec. : .       Clarity    : .   (no cloak)
Sust.Abil.: . .     Spirit.Shd : .   (no gloves)
Res.Mut.  : .       Stasis     : .   (no boots)
Res.Rott. : .       Flight     : .   (no amulet)
Saprovore : . . .                    (no ring)
                                     (no ring)

@: slightly resistant to hostile enchantments, fairly stealthy
A: no striking features
a: no special abilities


You were on level 4 of the Dungeon.
You were hungry.

You visited 1 branch of the dungeon, and saw 4 of its levels.

You collected 240 gold pieces.

Inventory:

Hand weapons
 f - a +1,+1 mace of holy wrath (weapon)
 x - a cursed -1,-2 orcish hand axe
 y - a +1,+2 orcish short sword of speed
Missiles
 d - 44 darts (quivered)
 v - a dart of frost
Armour
 a - a +0 elven robe (worn)
Comestibles
 c - 3 bread rations
 k - 3 apples
Scrolls
 h - a scroll of magic mapping {unknown}
 i - a scroll of random uselessness {unknown}
 j - 4 scrolls of remove curse {unknown}
 l - a scroll of curse armour {unknown}
 n - a scroll of curse jewellery {unknown}
 r - a scroll of teleportation {unknown}
 t - 3 scrolls of recharging {unknown}
 w - 3 scrolls of identify {unknown}
 z - a scroll of noise {unknown}
 A - a scroll of blinking {unknown}
Jewellery
 s - an uncursed ring of fire {unknown}
Potions
 e - 2 potions of heal wounds
 g - 2 potions of speed {unknown}
 m - a potion of brilliance {unknown}
 o - a potion of poison {unknown}
 p - a potion of curing
 q - a potion of restore abilities {unknown}
 u - a potion of paralysis {unknown}
 B - a potion of flight {unknown}
Books
 b - a book of Frost

   Spells                             Type                      Level
   *Freeze                            Ice                          1
   *Throw Frost                       Conjuration/Ice              2
   Ozocubu's Armour                   Charms/Ice                   3
   Throw Icicle                       Conjuration/Ice              4
   Summon Ice Beast                   Ice/Summoning                4
   Condensation Shield                Ice                          4


   Skills:
 - Level 2.4 Dodging
 - Level 2.4 Stealth
 + Level 4.0 Spellcasting
 * Level 3.1 Conjurations
 + Level 5.4 Ice Magic


You had 9 spell levels left.
You knew the following spells:

 Your Spells              Type           Power        Failure   Level  Hunger
a - Freeze                Ice            ####         1%          1    None
b - Throw Frost           Conj/Ice       ###...       3%          2    #......


Dungeon Overview and Level Annotations

Branches:
Dungeon (4/27)
 Temple: D:4-7

Altars:

Annotations:
D:4 Eustachio


Message History

Unknown command.
Unknown command.
Drink which item? (? for menu, Esc to quit)
You feel much better. The adder barely misses you.
The quasit closely misses you. The quasit claws you.
The quasit claws you but does no damage.
Casting: Freeze
Confirm with . or Enter, or press ? or * to list all spells.
Aiming: Freeze
Press: ? - help, Shift-Dir - straight line, f/p - Eustachio
Aim: Eustachio, wielding a sabre of electrocution and wearing a glowing leather armour (severely wounded)
You freeze Eustachio.
Eustachio is severely wounded.
The adder bites you.
The quasit bites you but does no damage.
The quasit barely misses you.
Eustachio hits you with a sabre of electrocution.
You are electrocuted!
Ouch! That really hurt!
You die...

#.. ...
.... .....
......###
.......5#
.......@##
.......5S@#
........5.#
..........#
...%.....#
!.%......#
.........#
.....####
.... ...


You could see Eustachio, a quasit, a crimson imp, an adder and a lemure.

Vanquished Creatures
  An orc priest (D:3)
  A worker ant (D:3)
  7 adders
  2 worms (D:3)
  An adder skeleton (D:4)
  2 giant geckos (D:3)
  An ooze (D:1)
  5 orcs (D:3)
  2 giant cockroaches
  13 hobgoblins
  A ball python (D:2)
  8 bats
  A giant newt (D:3)
  12 goblins
  7 jackals
  12 kobolds
  7 rats
83 creatures vanquished.

Notes
Turn   | Place    | Note
--------------------------------------------------------------
     0 | D:1      | Kae, the Deep Elf Ice Elementalist, began the quest for the Orb.
     0 | D:1      | Reached XP level 1. HP: 10/10 MP: 4/4
   346 | D:1      | Reached XP level 2. HP: 15/15 MP: 4/6
   567 | D:1      | Reached skill level 4 in Ice Magic
   982 | D:2      | Reached XP level 3. HP: 19/19 MP: 2/9
  1540 | D:3      | Reached skill level 5 in Ice Magic
  1540 | D:3      | Reached XP level 4. HP: 16/24 MP: 7/13
  1642 | D:3      | Learned a level 2 spell: Throw Frost
  2400 | D:3      | Reached XP level 5. HP: 25/28 MP: 8/16
  3363 | D:4      | Noticed Eustachio
  3363 | D:4      | Noticed an ogre
  3744 | D:4      | Slain by Eustachio

Action                   |  1- 3 |  4- 6 || total
-------------------------+-------+-------++-------
Melee: Unarmed           |     3 |       ||     3
       Mace              |    21 |    14 ||    35
 Cast: Freeze            |    56 |    60 ||   116
       Throw Frost       |       |    12 ||    12
  Use: Potion            |       |     3 ||     3
 Stab: Sleeping          |     2 |       ||     2
